 Dungeon Crawl Stone Soup version 0.25.1-1-g288607f5aa (webtiles) character file.

Game seed: 3649325388870427272

63 Asdor the Skirmisher (level 3, 0/29 HPs)
             Began as a Demonspawn Abyssal Knight on July 24, 2020.
             Was a Follower of Lugonu.
             Slain by an adder (3 damage)
             ... on level 2 of the Dungeon.
             The game lasted 00:09:08 (1409 turns).

Asdor the Skirmisher (Demonspawn Abyssal Knight)    Turns: 1409, Time: 00:09:08

Health: 0/29       AC:  3    Str: 12 (13) XL:     3   Next: 87%
Magic:  4/4        EV: 11    Int: 10 (13) God:    Lugonu [*.....]
Gold:   110        SH:  0    Dex: 11 (12) Spells: 2/2 levels left

rFire    . . .     SeeInvis .   a - +2 spear
rCold    . . .     Gourm    .   (no shield)
rNeg     . . .     Faith    .   b - +0 leather armour
rPois    .         Spirit   .   (helmet restricted)
rElec    .         Reflect  .   (no cloak)
rCorr    .         Harm     .   (no gloves)
MR       .....                  (no boots)
Stlth    ++........             (no amulet)
HPRegen  0.09/turn              d - ring of stealth
MPRegen  0.09/turn              k - ring of flight

@: lethally poisoned (0 -> -2)
A: horns 1, demonic guardian 1
a: Depart the Abyss, Renounce Religion, Evoke Flight


You were on level 2 of the Dungeon.
You worshipped Lugonu.
Lugonu was aware of your devotion.
You were hungry.

You visited 1 branch of the dungeon, and saw 2 of its levels.
You visited the Abyss 1 time.

You collected 110 gold pieces.

Inventory:

Hand Weapons
 a - a +2 spear (weapon)
Missiles
 e - a throwing net (quivered)
Armour
 b - a +0 leather armour (worn)
Jewellery
 d - a ring of stealth (left hand)
 k - a ring of flight (right hand)
Scrolls
 h - a scroll of amnesia
 i - a scroll of blinking {unknown}
 j - a scroll of teleportation {unknown}
Comestibles
 c - 2 rations
 g - 6 chunks of flesh


   Skills:
 + Level 3.4 Fighting
 * Level 2.8 Polearms
 + Level 2.3 Armour
 + Level 1.6 Dodging
 - Level 2.4 Invocations


You had 2 spell levels left.
You didn't know any spells.
Your spell library was empty.

Dungeon Overview and Level Annotations

Branches:
Dungeon (2/15)

Altars:


Innate Abilities, Weirdness & Mutations

You have a pair of small horns on your head.
A weak demonic guardian rushes to your aid.


Message History

You feel sick.
A hobgoblin comes into view. It is wielding a +0 club.
* * * LOW HITPOINT WARNING * * *
You feel sick.
The hobgoblin shouts!
A bat comes into view.
The adder closely misses you. The adder bites you but does no damage.
The bat moves out of view.
You see here a scroll labeled JEJEVAOWAI.
* * * LOW HITPOINT WARNING * * *
You feel sick. The adder bites you but does no damage.
* * * LOW HITPOINT WARNING * * *
You feel sick. The adder bites you but does no damage.
You aren't carrying any potions.
As you read the scroll labeled RABBEALYAT, it crumbles to dust.
You feel blessed for a moment.
It was a scroll of remove curse.
The adder bites you.
You die...

####.### #.#
#.#####.# #..).(.(#
#.####### #####(####
##### #........####
...# #.###........ #
###.####.###..#.####
#.#...g.S@......#.#
#.#.#.####.#......#
#.....# #.##...#.#
###?### #.###.##.#
#.......# #.. .... #
#.###g#.# ### #.###
#.#.# #+# #.# # ..#


You could see an adder and a hobgoblin.

Vanquished Creatures
  2 gnolls
  A leopard gecko (D:1)
  A giant cockroach (D:1)
  2 hobgoblins
  A quokka (D:2)
  5 bats (D:1)
  2 frilled lizards (D:1)
  6 goblins (D:1)
  5 kobolds
  10 rats (D:1)
35 creatures vanquished.

Vanquished Creatures (collateral kills)
  2 gnolls (D:2)
  A goblin (D:2)
3 creatures vanquished.

Grand Total: 38 creatures vanquished

Notes
Turn   | Place    | Note
-------+----------+-------------------------------------------
     0 | Abyss:1  | Asdor the Demonspawn Abyssal Knight began the quest for the
                  | Orb.
     0 | Abyss:1  | Reached XP level 1. HP: 18/18 MP: 2/2
    46 | Abyss:1  | Noticed an ancient zyme
    92 | Abyss:1  | Noticed a wretched star
    99 | Abyss:1  | Noticed a chaos spawn
   100 | Abyss:1  | Found a corrupted altar of Lugonu.
   138 | Abyss:1  | Noticed a raiju
   162 | Abyss:1  | Noticed a starcursed mass
   186 | Abyss:1  | Noticed a small abomination
   202 | D:1      | Escaped the Abyss
   298 | D:1      | Reached skill level 1 in Dodging
   405 | D:1      | Reached * piety under Lugonu
   405 | D:1      | Gained mutation: You have a pair of small horns on your
                  | head. [demonic ancestry]
   405 | D:1      | Reached XP level 2. HP: 24/24 MP: 3/3
   935 | D:1      | Gained mutation: A weak demonic guardian rushes to your
                  | aid. [demonic ancestry]
   935 | D:1      | Reached XP level 3. HP: 29/29 MP: 4/4
  1409 | D:2      | Slain by an adder

Illustrated notes

Levels and vault maps discovered:
D:1:      mrwooster_arrival_statue, layout_basic
D:2:      layout_loops_corners, kennysheep_okawaru_gauntlet

Skill      XL: |  1  2 |
---------------+-------+-----
Dodging        | 1 |  1.6
Polearms       | 2 |  2.8
Armour         | 2 |  2.3
Fighting       | |  3.4
Invocations    | |  2.4

Action                   || total
-------------------------++-------
Melee: Spear             ||   102
       Headbutt          ||     7
Invok: Depart the Abyss  ||     1
  Use: Scroll            ||     5
       Potion            ||     3
 Stab: Sleeping          ||    10
  Eat: Chunk             ||     1
Armor: Leather armour    ||    30
Dodge: Dodged            ||    40
